 Dungeon Crawl Stone Soup version 0.27-a0-1149-g4505690ab0 (webtiles) character file.

Game seed: 11022120298978686599

2373 st0uf the Cruncher (level 9, -4/74 HPs)
             Began as a Purple Draconian Gladiator on May 13, 2021.
             Was a Follower of Okawaru.
             Slain by a wolf (6 damage)
             ... on level 8 of the Dungeon.
             The game lasted 00:29:16 (8491 turns).

st0uf the Cruncher (Purple Draconian Gladiator)     Turns: 8491, Time: 00:29:17

Health: -4/74      AC:  7    Str: 16    XL:     9   Next: 21%
Magic:  11/13      EV: 16    Int: 12    God:    Okawaru [*.....]
Gold:   412        SH:  0    Dex: 13    Spells: 11/13 levels left

rFire    . . .     SeeInvis .   q - +0 lajatang
rCold    . . .     Faith    .   (shield currently unavailable)
rNeg     . . .     Spirit   .   (armour unavailable)
rPois    .         Reflect  .   b - +0 hat
rElec    .         Harm     .   (no cloak)
rCorr    .         Rampage  .   (no gloves)
Will     +....                  (no boots)
Stlth    +++.......             (no amulet)
HPRegen  0.22/turn              (no ring)
MPRegen  0.13/turn              (no ring)

@: lethally poisoned (-4 -> -7), heroic
A: breathe power, AC +7, unfitting armour, cold-blooded
a: Breathe Dispelling Energy, Renounce Religion, Heroism


You were on level 8 of the Dungeon.
You worshipped Okawaru.
Okawaru was aware of your devotion.
You visited 3 branches of the dungeon, and saw 10 of its levels.

You collected 412 gold pieces.

Inventory:

Hand Weapons
 a - a +0 quarterstaff
 q - a +0 lajatang (weapon)
Missiles
 c - 3 throwing nets
 g - 315 stones
 n - 36 poisoned darts
 r - 9 curare-tipped darts
 z - 2 boomerangs (quivered)
Armour
 b - a +0 hat (worn)
Magical Staves
 d - a staff of fire
 l - a staff of air
Wands
 B - a wand of flame (19)
Scrolls
 e - 2 scrolls of amnesia
 f - 3 scrolls of identify
 h - 2 scrolls of immolation
 j - a scroll of noise
 k - a scroll of summoning
 m - 2 scrolls of silence
 o - a scroll of acquirement
 p - 2 scrolls of enchant armour {unknown}
 x - a scroll of magic mapping {unknown}
 y - 2 scrolls of blinking {unknown}
 A - 2 scrolls of teleportation
 D - a scroll of fog {unknown}
Potions
 i - a potion of ambrosia
 s - 2 potions of lignification
 t - a potion of brilliance
 u - a potion of degeneration {unknown}
 v - a potion of curing {unknown}
 w - 2 potions of flight {unknown}
 C - a potion of heal wounds {unknown}


   Skills:
 + Level 5.5(10.5) Fighting
 + Level 8.7(13.7) Staves
 + Level 4.0(9.0) Throwing
 + Level 4.8(9.8) Dodging
 + Level 2.4(7.4) Stealth
 * Level 2.8 Spellcasting
 * Level 2.5 Hexes
 * Level 2.4 Invocations


You had 11 spell levels left.
You knew the following spells:

 Your Spells              Type           Power      Damage    Failure   Level
a - Slow                  Hex            7%         N/A       13%         2

Your spell library contained the following spells:

 Spells                   Type           Power      Damage    Failure   Level
 Corona                   Hex            7%         N/A       9%          1
 Animate Skeleton         Necr           2%         N/A       26%         1
 Pain                     Necr           4%         1d4       26%         1
 Sting                    Tmut/Pois      4%         1d3       26%         1
 Poisonous Vapours        Pois/Air       2%         N/A       36%         2
 Inner Flame              Hex/Fire       4%         N/A       41%         3
 Portal Projectile        Hex/Tloc       8%         N/A       41%         3
 Ignite Poison            Fire/Tmut/Pois 1%         N/A       58%         3
 Mephitic Cloud           Conj/Pois/Air  1%         N/A       58%         3
 Vampiric Draining        Necr           0%         2d6       58%         3
 Cause Fear               Hex            3%         N/A       65%         4
 Leda's Liquefaction      Hex/Erth       2%         N/A       83%         4
 Animate Dead             Necr           0%         N/A       94%         4
 Olgreb's Toxic Radiance  Pois           1%         N/A       94%         4
 Agony                    Necr           1%         N/A       100%        5
 Bolt of Magma            Conj/Fire/Erth 0%         4d4       100%        5
 Iskenderun's Battlesphe  Conj           1%         2d6       100%        5
 Iron Shot                Conj/Erth      0%         9d1       100%        6
 Orb of Destruction       Conj           0%         N/A       100%        7
 Spellforged Servitor     Conj/Summ      0%         N/A       100%        7


Dungeon Overview and Level Annotations

Branches:
Dungeon (8/15)             Temple (1/1) D:6            Lair (1/6) D:8

Altars:
Cheibriados
Elyvilon
Fedhas
Gozag
Hepliaklqana
Kikubaaqudgha
Makhleb
Nemelex Xobeh
Okawaru
Qazlal
Ru
Sif Muna
Trog
Uskayaw
Vehumet
Wu Jian
Xom
Yredelemnul
Zin
The Shining One

Annotations:
D:4 exclusion: ogre


Innate Abilities, Weirdness & Mutations

You can breathe bolts of dispelling energy.
Your rich purple scales are hard. (AC +7)
You cannot fit into any form of body armour.
You are cold-blooded and may be slowed by cold attacks.


Message History

The wolf completely misses the plant.
The water moccasin bites you.
You are poisoned.
The water moccasin poisons you!
The wolf bites the fungus!
The wolf bites the plant.
The water moccasin closely misses you.
You gain the combat prowess of a mighty hero.
You feel very sick.
A nearby fungus withers and dies.
The wolf closely misses you. The water moccasin bites you.
The wolf bites the fungus!
You hit the water moccasin.
The water moccasin is severely wounded.
You feel sick. The wolf bites you! The water moccasin closely misses you.
The wolf bites the fungus.
You miss the water moccasin.
Your tail-slap misses the water moccasin.
The water moccasin is severely wounded.
You feel sick. The wolf misses you.
The wolf bites the fungus.
The water moccasin closely misses you. The wolf closely misses you.
You barely miss the water moccasin.
The water moccasin is severely wounded.
You feel sick.
A nearby plant withers and dies.
The wolf bites the fungus!
The water moccasin completely misses you.
The wolf bites you.
You miss the water moccasin.
The water moccasin is severely wounded.
You feel sick.
A nearby fungus withers and dies.
The water moccasin closely misses you. The wolf misses you. The wolf bites you.
* * * LOW HITPOINT WARNING * * *
You slice the water moccasin!!
You kill the water moccasin!
Okawaru accepts your kill.
You feel sick. The wolf bites you but does no damage. The wolf bites you.
* * * LOW HITPOINT WARNING * * *
Your base Throwing skill increases to level 4!
You closely miss the wolf.
You feel sick. The wolf closely misses you. The wolf bites you.
* * * LOW HITPOINT WARNING * * *
You completely miss the wolf.
You feel sick. The wolf bites you.
* * * LOW HITPOINT WARNING * * *
The wolf bites you.
You die...

#......!.............# #.......
###....................# ####....
.......................#######.#.
............)#######...'.........
............#)[.≈...#..######.#..
..............#...#....# #.#..
....#####....##PPP##...# #.#..
##### #..#...PPPP..#.# #.#..
#..#≈.PP@PP.≈#.######.#..
#..#...h†hP..#......#.#..
#....##..P##....###.#.#..
#.....#...#....## #.#.#..
#######..#...≈...#..# #.#.#).
#<........#######...# #.#.#..
######........# ##### #.#.#..
#........# #.#.#.. #........#
##.#.###


You could see 2 wolves.

Vanquished Creatures
  Prince Ribbit (D:6)
  3 water moccasins
  A black bear (D:7)
  4 sky beasts
  2 wolves (D:8)
  A phantom (D:5)
  A kobold brigand (D:5)
  2 bullfrogs
  Blork the orc (D:5)
  A scorpion (D:5)
  4 wights (D:7)
  2 howler monkeys (D:6)
  4 centaur zombies
  2 orc priests (D:8)
  A hound (D:5)
  2 bullfrog skeletons
  A centaur skeleton (D:6)
  4 iguanas
  3 orc wizards (D:8)
  A hound skeleton (D:4)
  An adder (D:3)
  2 white imps
  An ufetubus (D:7)
  2 dart slugs
  11 orcs
  4 ball pythons
  4 endoplasms
  3 giant cockroaches
  6 goblins
  9 hobgoblins
  8 jackals
  4 quokkas
  4 bats
  4 frilled lizards
  12 kobolds
  6 rats
122 creatures vanquished.

Vanquished Creatures (others)
  2 fungi (D:8)
  A plant (D:8)
3 creatures vanquished.

Grand Total: 125 creatures vanquished

Notes
Turn   | Place    | Note
-------+----------+-------------------------------------------
     0 | D:1      | st0uf the Draconian Gladiator began the quest for the Orb.
     0 | D:1      | Reached XP level 1. HP: 17/17 MP: 1/1
    95 | D:1      | Reached XP level 2. HP: 25/25 MP: 2/2
   812 | D:1      | Found a faded altar of an unknown god.
   826 | D:1      | Reached XP level 3. HP: 25/30 MP: 3/3
  1374 | D:2      | Found an ancient bone altar of Kikubaaqudgha.
  1847 | D:3      | Reached skill level 4 in Staves
  2136 | D:3      | Reached XP level 4. HP: 37/37 MP: 4/4
  2591 | D:3      | Found a burning altar of Makhleb.
  2646 | D:3      | Found a stormy altar of Qazlal.
  2731 | D:4      | Noticed a scorpion
  2852 | D:4      | Found a glowing golden altar of the Shining One.
  2855 | D:4      | Noticed an ogre
  3101 | D:4      | Identified a scroll of acquirement
  3342 | D:5      | Entered Level 5 of the Dungeon
  3476 | D:5      | Reached XP level 5. HP: 45/45 MP: 5/5
  3554 | D:5      | Reached skill level 5 in Staves
  3646 | D:5      | Reached skill level 1 in Stealth
  3795 | D:5      | Reached XP level 6. HP: 37/51 MP: 6/6
  3894 | D:5      | Noticed Blork the orc
  3967 | D:5      | Reached skill level 6 in Staves
  4141 | D:5      | Noticed a water moccasin
  4216 | D:5      | Noticed a sky beast
  4224 | D:5      | Killed Blork the orc
  4225 | D:5      | Your scales start taking on a rich purple colour.
  4225 | D:5      | Reached XP level 7. HP: 52/58 MP: 7/7
  4232 | D:5      | Learned a level 2 spell: Slow
  4925 | D:6      | Reached skill level 7 in Staves
  5109 | D:6      | Reached XP level 8. HP: 67/67 MP: 8/8
  5125 | D:6      | Noticed Prince Ribbit
  5133 | D:6      | Killed Prince Ribbit
  5166 | D:6      | Found an ancient bone altar of Kikubaaqudgha.
  5252 | D:6      | Found a staircase to the Ecumenical Temple.
  5261 | Temple   | Entered the Ecumenical Temple
  5372 | Temple   | Became a worshipper of Warmaster Okawaru
  5674 | D:7      | Reached skill level 5 in Fighting
  6252 | D:7      | Reached skill level 1 in Spellcasting
  6267 | D:7      | Reached skill level 8 in Staves
  6347 | D:7      | Reached skill level 1 in Hexes
  6347 | D:7      | Reached skill level 1 in Invocations
  6763 | D:8      | Found a staircase to the Lair.
  6786 | D:8      | Reached * piety under Okawaru
  7131 | D:8      | Reached XP level 9. HP: 25/74 MP: 9/12
  8299 | Lair:1   | Entered Level 1 of the Lair of Beasts
  8491 | D:8      | HP: 2/74 [wolf (5)]
  8491 | D:8      | Slain by a wolf

Illustrated notes

Levels and vault maps discovered:
D:1:      dpeg_arrival_houses_and_road, layout_basic,
          hellmonk_ecumenical_altar_blasted, minmay_misc_feat_chi
D:2:      layout_loops_cross, basic_altar, minmay_ruptured
D:3:      layout_loops_corners, overflow_temple_1_default,
          nicolae_qazlal_general_emergency, grunt_ministairs_2
D:4:      layout_cave_pods, lemuel_tele_altar
D:5:      layout_loops_corners, nrook_loot_triangle, serial_park_tiny_2,
          uniq_blork_the_orc
D:6:      layout_cave_pools, lemuel_coloured_pillars_altar,
          minmay_temple_entry_waves, uniq_prince_ribbit1
D:7:      layout_loops_ring, minmay_increasing_density
D:8:      layout_basic, dpeg_oklobed_lair, bh_walls_and_bars
Temple:   eino_temple_rhombus
Lair:1:   layout_big_grid

Skill      XL: |  1  2  3  4  5  6  7  8  9 |
---------------+----------------------------+-----
Dodging        | 3 4 |  4.8
Staves         | 4 5 6 7 8 |  8.7
Fighting       | 3 4 5 |  5.5
Throwing       | 2 3 4 |  4.0
Stealth        | 1 2 |  2.4
Spellcasting   | 2 |  2.8
Hexes          | 2 |  2.5
Invocations    | 2 |  2.4

Action                   |  1- 3 |  4- 6 |  7- 9 || total
-------------------------+-------+-------+-------++-------
Melee: Quarterstaff      |   122 |    44 |       ||   166
       Tailslap          |    10 |    11 |    30 ||    51
       Lajatang          |       |    58 |   187 ||   245
Throw: Stone             |     2 |     2 |     7 ||    11
       Dart              |       |    24 |    18 ||    42
       Boomerang         |       |       |    22 ||    22
Invok: Heroism           |       |       |     3 ||     3
 Abil: Breathe Dispellin |       |       |     2 ||     2
  Use: Scroll            |       |     7 |     3 ||    10
 Stab: Sleeping          |     1 |     2 |     2 ||     5
Armor: Skin              |    26 |    23 |    67 ||   116
Dodge: Dodged            |    79 |    58 |   133 ||   270

Table legend: (Time is in decaauts)
 A = Elapsed time spent in this place.
 B = Non-inter-level travel time spent in this place.
 C = Inter-level travel time spent in this place.
 D = Time resting spent in this place.
 E = Time spent auto-exploring this place.
 F = Levels seen in this place.
 G = Mean time per level.
                   A        B        C        D        E       F      G
               +--------+--------+--------+--------+--------+-----+--------+
         Total |   8513 |   8073 |    440 |   1131 |   5225 |  10 |  851.3 |
       Dungeon |   8381 |   7953 |    428 |   1131 |   5117 |   8 | 1047.6 |
        Temple |    124 |    113 |     11 |      0 |    107 |   1 |  124.0 |
          Lair |      8 |      8 |      0 |      0 |      1 |   1 |    8.0 |
               +--------+--------+--------+--------+--------+-----+--------+

Top non-repeatable levels by time:
     D:8: 1632 daAuts
     D:5: 1548 daAuts
     D:1: 1249 daAuts
     D:7: 1199 daAuts
     D:3: 954 daAuts
     D:6: 641 daAuts
     D:4: 589 daAuts
     D:2: 567 daAuts
  Temple: 124 daAuts
  Lair:1: 8 daAuts
